Cogmind - Beta 15 @@@ ROGUE MODE // 2025.07.08 @ 10:51:27 Player: beans Result: Destroyed by S-10 Pest with Light Assault Rifle Performance ------------- Evolutions (2) 1000 Regions Visited (7) 1400 Robots Destroyed (49) 245 Value Destroyed (1132) 1132 Prototype IDs (23) 460 Alien Tech Used (0) 0 Bonus (300) 300 TOTAL SCORE: 4537 Bonus ------- Aligned with FarCom 300 Cogmind --------- Core Integrity 0/550 Matter 300/300 Energy 93/100 System Corruption 0% Temperature Cool (0) Movement Core (50) Location -8/Materials Parts ------- > --- POWER (1) -------- (None) > --- PROPULSION (2) --- (None) > --- UTILITY (4) ------ Melee Analysis Suite > --- WEAPON (4) ------- Light Assault Rifle > --- INVENTORY (5) ---- Flight Unit Peak State ------------ > --- POWER ------------ Ion Engine > --- PROPULSION ------- Light Treads Light Treads > --- UTILITY ---------- Targeting Computer Targeting Computer > --- WEAPON ----------- Particle Gun AWS/Autocannon > --- INVENTORY -------- Light EM Pulse Cannon [Rating: 37] Favorites ----------- Power Ion Engine Engine Ion Engine Propulsion Light Treads Treads Light Treads Utility Targeting Computer Device Thermal Generator Processor Targeting Computer Hackware Hacking Suite Weapon Guided Plasma Cannon Energy Gun Particle Gun Energy Cannon Guided Plasma Cannon Ballistic Gun High-powered Shotgun Ballistic Cannon AWS/Autocannon Launcher EMP Blaster Slashing Weapon Scythe Build | -11 -10 -10 -9 -9 -9 -8 -8 ------- Run | Yrd Mat Min Mat Min Exi Min Mat Slots Evolved 4 | . . . 2 . . . 2 Power . | . . . . . . . . Propulsion . | . . . . . . . . Utility 2 | . . . . . . . 2 Weapon 2 | . . . 2 . . . . Parts Attached 22 | 4 3 . 1 . 2 1 11 Power 1 | 1 . . . . . . . Engine 1 | 1 . . . . . . . Core . | . . . . . . . . Reactor . | . . . . . . . . Propulsion 2 | 2 . . . . . . . Treads 2 | 2 . . . . . . . Leg . | . . . . . . . . Wheel . | . . . . . . . . Hover . | . . . . . . . . Flight . | . . . . . . . . Utility 7 | . 2 . . . . 1 4 Device 2 | . . . . . . 1 1 Storage . | . . . . . . . . Processor 4 | . 2 . . . . . 2 Hackware 1 | . . . . . . . 1 Protection . | . . . . . . . . Artifact . | . . . . . . . . Weapon 12 | 1 1 . 1 . 2 . 7 Energy Gun 3 | 1 1 . . . . . 1 Energy Cannon 2 | . . . 1 . 1 . . Ballistic Gun 3 | . . . . . . . 3 Ballistic Cannon 1 | . . . . . 1 . . Launcher 2 | . . . . . . . 2 Special Weapon . | . . . . . . . . Impact Weapon . | . . . . . . . . Slashing Weapon 1 | . . . . . . . 1 Piercing Weapon . | . . . . . . . . Special Melee Weapon . | . . . . . . . . Unidentified Prototypes . | . . . . . . . . Corrupted Parts 1 | . 1 . . . . . . System Corruption 4 | . 4 . . . . . . Parts Lost 18 | . 1 . . . . 5 12 Power 1 | . . . . . . 1 . Propulsion 2 | . . . . . . 2 . Utility 5 | . . . . . . . 5 Weapon 10 | . 1 . . . . 2 7 Highest Loss Streak 7 | . 1 . . . . 3 7 To Critical Strikes . | . . . . . . . . Average Backups . | . . . . . . . . Power . | . . . . . . . . Propulsion . | . . . . . . . . Utility . | . . . . . . . . Weapon . | . . . . . . . . Tool/Special . | . . . . . . . . Unused Backups . | . . . . . . . . Power . | . . . . . . . . Propulsion . | . . . . . . . . Utility . | . . . . . . . . Weapon . | . . . . . . . . Tool/Special . | . . . . . . . . Average Slot Usage (%) 50 | . 59 85 75 77 76 36 39 Engine 4 | . 14 14 11 11 11 1 . Treads 8 | . 28 28 22 22 22 . . Device 5 | . . . . . . 8 8 Processor 15 | . 3 28 22 22 22 13 14 Hackware 1 | . . . . . . . 4 Energy Gun 5 | . 13 14 11 11 11 1 1 Energy Cannon 7 | . . . 9 11 10 10 2 Slashing Weapon 1 | . . . . . . . 4 Peak Build Rating 37 | 4 7 7 9 9 37 15 17 Average Rating 11 | 2 4 7 8 9 13 11 11 On Entrance 7 | . 4 7 7 9 9 15 12 Naked Turns . | . . . . . . . . Heaviest Build 19 | 7 8 8 12 12 18 18 19 Greatest Support 40 | 40 40 40 40 40 40 40 3 Greatest Overweight (x) 6 | . . . . . . 5 6 Average Overweight (x) 1 | . . . . . . 4 1 Largest Inventory Capacity 5 | 5 5 5 5 5 5 5 5 Average Capacity 5 | 5 5 5 5 5 5 5 5 Most Carried 3 | 3 2 . 1 . 3 2 2 Average Carried . | . . . . . . . . Final Capacity 5 | 5 5 5 5 5 5 5 5 Final Carried 1 | . . . . . 1 . 1 Class Distribution -------------------- 98% | Mutant Dominant Class ---------------- Mutant | -10/Materials Mutant | -10/Mines Mutant | -9/Materials Mutant | -9/Mines Mutant | -9/Exiles Mutant | -8/Mines Mutant | -8/Materials Resources | -11 -10 -10 -9 -9 -9 -8 -8 ----------- Run | Yrd Mat Min Mat Min Exi Min Mat Matter Collected 464 | 156 75 . 30 . . 35 168 Remotely . | . . . . . . . . Salvage Created 1690 | . 161 . 442 41 . 159 887 Parts 83 | . 6 . 23 3 . 15 36 Haulers Intercepted 2 | . . . 1 . . . 1 Recyclers Shooed 1 | . . . . . . . 1 Parts Field Recycled . | . . . . . . . . Retrieved Matter . | . . . . . . . . Parts Self-Destructed . | . . . . . . . . Prevented . | . . . . . . . . Kills | -11 -10 -10 -9 -9 -9 -8 -8 ------- Run | Yrd Mat Min Mat Min Exi Min Mat Combat Hostiles Destroyed 34 | . 3 . 6 3 . 8 14 Melee 4 | . 1 . . . . . 3 Guns 15 | . 1 . 2 2 . 3 7 Cannons 11 | . . . 3 1 . 5 2 AOE 4 | . 1 . 1 . . . 2 Classes Destroyed 12 | . 2 . 4 1 . 1 4 Worker 1 | . . . . . . . 1 Builder 2 | . . . . . . 2 . Hauler 2 | . . . 1 . . . 1 Recycler 5 | . 1 . 1 . . . 3 Mechanic 1 | . . . . . . . 1 Operator 1 | . . . . . . . 1 Watcher 3 | . . . 2 . . . 1 Swarmer 15 | . . . . 3 . 8 4 Grunt 14 | . 3 . 4 . . . 7 Brawler 1 | . . . 1 . . . . Duelist 1 | . . . . . . . 1 Sentry 3 | . . . 1 . . . 2 Best Kill Streak 9 | . 2 . 9 3 . 6 4 Combat Bots Only 6 | . 2 . 6 3 . 6 3 Max Kills in Single Turn 2 | . 1 . 1 1 . 1 2 Gunslinging . | . . . . . . . . Exploded 2 | . 1 . 1 . . . 2 Melee 1 | . 1 . . . . . 1 Uniques/NPCs Destroyed . | . . . . . . . . Combat | -11 -10 -10 -9 -9 -9 -8 -8 -------- Run | Yrd Mat Min Mat Min Exi Min Mat Hostile Shots Fired 243 | . 29 . 15 8 . 66 125 Missed 69 | . 7 . 3 1 . 20 38 Hits 174 | . 22 . 12 7 . 46 87 Projectile 174 | . 22 . 12 7 . 46 87 Critical Strikes 3 | . 1 . . . . . 2 Damage Taken 2080 | . 300 . 142 50 . 380 1208 Core 805 | . 79 . 43 . . 133 550 Absorbed by Shields . | . . . . . . . . Core Remaining (%) 74 | 100 . 68 . . . 56 . Volleys Fired 117 | . 9 . 19 4 5 31 49 Largest 2 | . 1 . 2 2 1 2 2 Hottest 121 | . 40 . 121 121 120 121 120 Shots Fired 154 | . 9 . 36 8 5 34 62 Gun 82 | . 9 . 17 4 1 8 43 Cannon 67 | . . . 19 4 4 26 14 Launcher 5 | . . . . . . . 5 Special . | . . . . . . . . Kinetic 29 | . . . . . . . 29 Thermal 85 | . . . 17 4 5 31 28 Explosive 3 | . . . . . . . 3 Electromagnetic 37 | . 9 . 19 4 . 3 2 Robot Hit Streak 18 | . 4 . 18 2 . 12 13 Robot Miss Streak 2 | . 2 . 1 1 . 1 2 Penetration Max . | . . . . . . . . Secondary Targets 1 | . . . . . . . 1 Max Gunslinging Chain 1 | . . . . . . . 1 Shots Hit Robots 99 | . 6 . 27 4 . 17 45 Core Hits 61 | . 3 . 13 3 . 9 33 Critical Kills 1 | . . . . . . . 1 Critical Parts Destroyed . | . . . . . . . . Critical Strikes 4 | . . . 1 . . . 3 Destroy 1 | . . . . . . . 1 Corrupt 1 | . . . 1 . . . . Sever 2 | . . . . . . . 2 Melee Attacks 16 | . . . . . . . 16 Impact . | . . . . . . . . Slashing 16 | . . . . . . . 16 Piercing . | . . . . . . . . Sneak Attacks 3 | . . . . . . . 3 Combat Hostiles . | . . . . . . . . Follow-up Attacks . | . . . . . . . . Damage Inflicted 3005 | . 126 . 649 65 . 517 1648 Guns 799 | . 76 . 175 29 . 116 403 Cannons 1210 | . . . 381 36 . 401 392 Explosions 538 | . 43 . 93 . . . 402 Melee 449 | . . . . . . . 449 Ramming 9 | . 7 . . . . . 2 Kinetic 296 | . . . . . . . 296 Thermal 1318 | . 43 . 268 29 . 479 499 Explosive 323 | . . . . . . . 323 Electromagnetic 610 | . 76 . 381 36 . 38 79 Impact . | . . . . . . . . Slashing 449 | . . . . . . . 449 Piercing . | . . . . . . . . Highest Corruption 4 | . 4 4 . . . . . Average Corruption 4 | . 4 4 . . . . . Corruption Purged . | . . . . . . . . Corruption Blocked . | . . . . . . . . Overload Shots . | . . . . . . . . Overflow Damage 217 | . . . 31 . . 10 176 Projectiles 133 | . . . 31 . . 10 92 Explosions . | . . . . . . . . Melee 84 | . . . . . . . 84 Knockbacks . | . . . . . . . . Impact . | . . . . . . . . Kinetic . | . . . . . . . . Secondary . | . . . . . . . . Self-Inflicted Damage 50 | . 35 . . . . . 15 Shots 3 | . 1 . . . . . 2 Rammed 5 | . 4 . . . . . 1 Targets Rammed 7 | . 6 . . . . . 1 Kicked . | . . . . . . . . Crushed 2 | . 2 . . . . . . Highest Temperature 477 | . 72 . 477 109 74 454 84 Average Temperature 108 | . 42 . 164 65 38 132 34 Received Heat Transfer 726 | . 105 . 72 . . . 549 Effects 10 | . . . 5 . . 5 . Shutdowns 1 | . . . 1 . . . . Energy Bleed 2 | . . . . . . 2 . Interference 7 | . . . 4 . . 3 . Siege Activations . | . . . . . . . . Martial Activations . | . . . . . . . . Shielding Activations . | . . . . . . . . Robots Disrupted . | . . . . . . . . Combat Hostiles . | . . . . . . . . Robots Corrupted . | . . . . . . . . Combat Hostiles . | . . . . . . . . Parts Fried . | . . . . . . . . Impact Corruptions . | . . . . . . . . Robots Melted . | . . . . . . . . Combat Hostiles . | . . . . . . . . Parts Melted 4 | . . . . . . 3 1 Heat Transferred 2853 | . . . 544 74 . 1096 1139 Parts Sabotaged . | . . . . . . . . Parts Stolen . | . . . . . . . . Parts Stripped . | . . . . . . . . Power Chain Reactions 3 | . 1 . 2 . . . . Alert | -11 -10 -10 -9 -9 -9 -8 -8 ------- Run | Yrd Mat Min Mat Min Exi Min Mat Maximum Alert Level . | . . . . . . . . Low Security (%) 100 | 100 100 100 100 100 . 100 100 Level 1 . | . . . . . . . . Level 2 . | . . . . . . . . Level 3 . | . . . . . . . . Level 4 . | . . . . . . . . Level 5 . | . . . . . . . . High Security . | . . . . . . . . Max Security . | . . . . . . . . Peak Influence 155 | . 53 6 153 154 . 125 155 Initial 39 | . . 6 . 39 . . . Average 34 | . 25 4 80 131 . 19 41 Influence Increases 1099 | . 93 . 195 115 . 217 479 Destroy 0b10 Robot/C 680 | . 60 . 120 60 . 160 280 Destroy 0b10 Robot/NC 75 | . 5 . 20 . . 10 40 Destroy Leader 160 | . 20 . 36 10 . 20 74 Successful Hack 8 | . 5 . . . . . 3 Disable Machine 75 | . . . 15 45 . . 15 Destroy Structure 41 | . 3 . 4 . . 12 22 Lose Combat Pursuer 60 | . . . . . . 15 45 Influence Decreases 964 | . 75 18 93 93 124 217 344 Entered New Map 199 | . . 12 . 63 124 . . Time Decay 595 | . 65 6 93 30 . 177 224 Lost Part 170 | . 10 . . . . 40 120 Squads Dispatched 4 | . 1 . 1 . . . 2 Investigation 1 | . 1 . . . . . . Extermination . | . . . . . . . . Reinforcement 3 | . . . 1 . . . 2 Assault . | . . . . . . . . Garrison . | . . . . . . . . Intercept . | . . . . . . . . Searches Triggered . | . . . . . . . . Construction Impeded 2 | . . . . . . . 2 Haulers Reinforced . | . . . . . . . . Active Scanning Responses . | . . . . . . . . Cargo Convoy Interrupts . | . . . . . . . . Stealth | -11 -10 -10 -9 -9 -9 -8 -8 --------- Run | Yrd Mat Min Mat Min Exi Min Mat Distress Signals 3 | . . . . . . . 3 Communications Jammed . | . . . . . . . . Distress Signals . | . . . . . . . . Times Spotted 57 | . 9 . 10 2 . 10 26 Peak Tracking Total 6 | . 5 . 3 2 . 6 5 Tactical Retreats 4 | . . . . . . 1 3 Traps | -11 -10 -10 -9 -9 -9 -8 -8 ------- Run | Yrd Mat Min Mat Min Exi Min Mat Traps Triggered 1 | . 1 . . . . . . Indirectly . | . . . . . . . . Trap Hack Attempts . | . . . . . . . . Triggered . | . . . . . . . . Disarmed . | . . . . . . . . Reprogrammed . | . . . . . . . . Reused . | . . . . . . . . Traps Extracted . | . . . . . . . . Installed . | . . . . . . . . Triggered . | . . . . . . . . Machines | -11 -10 -10 -9 -9 -9 -8 -8 ---------- Run | Yrd Mat Min Mat Min Exi Min Mat Machines Disabled 6 | . . . 1 3 1 . 1 Max in Single Turn 1 | . . . 1 1 1 . 1 Machines Repaired . | . . . . . . . . Machines Dismantled . | . . . . . . . . Machines Sabotaged . | . . . . . . . . Overloaded Fab Kills . | . . . . . . . . Hacking | -11 -10 -10 -9 -9 -9 -8 -8 --------- Run | Yrd Mat Min Mat Min Exi Min Mat Machines Accessed 4 | . 1 . . . 1 . 2 Terminals 2 | . 1 . . . . . 1 Fabricators . | . . . . . . . . Repair Stations . | . . . . . . . . Recycling Units . | . . . . . . . . Scanalyzers 1 | . . . . . . . 1 Garrison Access . | . . . . . . . . Total Hacks 17 | . 4 . . . 1 . 12 Successful 12 | . 2 . . . 1 . 9 Failed 3 | . 2 . . . . . 1 Catastrophic 1 | . 1 . . . . . . Database Lockouts 2 | . . . . . . . 2 Manual 1 | . . . . . 1 . . Terminals 12 | . 4 . . . . . 8 Fabricators . | . . . . . . . . Repair Stations . | . . . . . . . . Recycling Units . | . . . . . . . . Scanalyzers 4 | . . . . . . . 4 Garrison Access . | . . . . . . . . Terminal Hacks 8 | . 2 . . . 1 . 5 Record 6 | . 1 . . . . . 5 Hauler Manifests 1 | . 1 . . . . . . Proto ID Catalog 1 | . . . . . 1 . . Fabricator Hacks . | . . . . . . . . Repair Station Hacks . | . . . . . . . . Recycling Unit Hacks . | . . . . . . . . Scanalyzer 4 | . . . . . . . 4 Insert Component 2 | . . . . . . . 2 Analyze 2 | . . . . . . . 2 Garrison Access Hacks . | . . . . . . . . Unauthorized Hacks . | . . . . . . . . Terminals . | . . . . . . . . Fabricators . | . . . . . . . . Repair Stations . | . . . . . . . . Recycling Units . | . . . . . . . . Scanalyzers . | . . . . . . . . Garrison Access . | . . . . . . . . Data Cores Recovered . | . . . . . . . . Used . | . . . . . . . . Hacking Detections 2 | . 1 . . . . . 1 Full Trace Events 1 | . 1 . . . . . . Feedback Events . | . . . . . . . . Feedback Blocked . | . . . . . . . . Robot Schematics Acquired . | . . . . . . . . Robots Built . | . . . . . . . . Authchips . | . . . . . . . . Time . | . . . . . . . . Total Robot Build Rating . | . . . . . . . . Part Schematics Acquired 1 | . . . . . . . 1 Parts Built . | . . . . . . . . Authchips . | . . . . . . . . Time . | . . . . . . . . Total Part Build Rating . | . . . . . . . . Parts Repaired . | . . . . . . . . Time . | . . . . . . . . Parts Recycled . | . . . . . . . . Recycled Matter . | . . . . . . . . Retrieved Matter . | . . . . . . . . Retrieved Components . | . . . . . . . . Parts Scanalyzed 2 | . . . . . . . 2 Part Schematics Acquired 1 | . . . . . . . 1 Parts Damaged . | . . . . . . . . Bothacking | -11 -10 -10 -9 -9 -9 -8 -8 ------------ Run | Yrd Mat Min Mat Min Exi Min Mat Used RIF Installer . | . . . . . . . . Robots Hacked . | . . . . . . . . Non-combat . | . . . . . . . . Combat . | . . . . . . . . Robot Hacks Applied . | . . . . . . . . Relay Couplers Released . | . . . . . . . . Fabnet Peak Effective % . | . . . . . . . . Robots Rewired . | . . . . . . . . Allies Hacked . | . . . . . . . . Hacks Repelled . | . . . . . . . . Allies | -11 -10 -10 -9 -9 -9 -8 -8 -------- Run | Yrd Mat Min Mat Min Exi Min Mat Total Allies . | . . . . . . . . Largest Group . | . . . . . . . . Highest-Rated Group . | . . . . . . . . Highest-Rated Ally . | . . . . . . . . Total Orders . | . . . . . . . . Ally Attacks . | . . . . . . . . Total Damage . | . . . . . . . . Kills . | . . . . . . . . Allies Corrupted . | . . . . . . . . Allies Melted . | . . . . . . . . Intel | -11 -10 -10 -9 -9 -9 -8 -8 ------- Run | Yrd Mat Min Mat Min Exi Min Mat Active Infowar (turns) . | . . . . . . . . Robot Analysis Total . | . . . . . . . . Derelict Logs Recovered . | . . . . . . . . Drone Launches . | . . . . . . . . Drone Recoveries . | . . . . . . . . Exploration | -11 -10 -10 -9 -9 -9 -8 -8 ------------- Run | Yrd Mat Min Mat Min Exi Min Mat Turns Passed 2684 | 51 151 24 220 70 457 1132 579 Spaces Moved 1082 | 38 74 16 91 37 260 284 282 Core 580 | 15 . . . . . 283 282 Treads 502 | 23 74 16 91 37 260 1 . Legs . | . . . . . . . . Wheels . | . . . . . . . . Hover . | . . . . . . . . Flight . | . . . . . . . . Fastest Speed 50 | 50 160 160 160 160 160 150 50 Average Speed 183 | 116 160 160 160 160 160 285 130 Slowest Speed 350 | 160 160 160 160 160 160 300 350 Overloaded Moves . | . . . . . . . . Propulsion Burnouts . | . . . . . . . . Robots Hopped . | . . . . . . . . Potential Cave-ins . | . . . . . . . . Cave-ins Triggered . | . . . . . . . . Exploration Rate (%) 26 | 3 21 12 17 12 61 62 21 Regions Visited 7 Branch Regions 4 Pre-discovered Areas . | . . . . . . . . Known Exits Taken . | . . . . . . . . Unknown Exits Taken 7 | 1 1 1 1 1 1 1 . Scrap Searched . | . . . . . . . . Spaces Dug 1 | . . . . . . 1 . Terrain Destroyed 39 | . 2 . 3 . 2 12 20 Melee . | . . . . . . . . Projectile 16 | . . . . . 2 12 2 AOE 23 | . 2 . 3 . . . 18 Terrain Rammed . | . . . . . . . . Walls Destroyed . | . . . . . . . . Machines Disabled . | . . . . . . . . Actions | -11 -10 -10 -9 -9 -9 -8 -8 --------- Run | Yrd Mat Min Mat Min Exi Min Mat Total 1607 | 45 94 15 130 40 297 575 411 Wait 341 | . . . 19 . 27 255 40 Move 1075 | 37 73 15 90 36 259 283 282 Hop . | . . . . . . . . Pick Up 23 | 4 3 . 1 . 2 1 12 Fast Attach . | . . . . . . . . Attach 24 | 4 3 . 1 . 2 3 11 Detach 2 | . . . . . 1 1 . Swap . | . . . . . . . . Drop 2 | . . . . . 1 1 . Fire 117 | . 9 . 19 4 5 31 49 Melee 16 | . . . . . . . 16 Ram 1 | . . . . . . . 1 Kick . | . . . . . . . . Crush 6 | . 6 . . . . . . Escape Stasis . | . . . . . . . . Rewire . | . . . . . . . . Trap . | . . . . . . . . Miscellaneous . | . . . . . . . . Route ------- -11/Scrapyard -10/Materials -10/Mines -9/Materials -9/Mines -9/Exiles -8/Mines -8/Materials (discovered 1 exit: [*Sto]) History --------- Turn | Location | Event 3 | -11/Scrapyard | Discovered new exit (range 15) 52 | -11/Scrapyard | Entered Materials 187 | -10/Materials | Discovered new exit (range 9) 203 | -10/Materials | Entered Mines 205 | -10/Mines | Discovered new exit (range 15) 227 | -10/Mines | Entered Materials 227 | -9/Materials | Evolved 2 slots: Weapon x2 313 | -9/Materials | Build established: Mutant 420 | -9/Materials | Discovered new exit (range 16) 447 | -9/Materials | Entered Mines 511 | -9/Mines | Deemed a non-threat by the Exiles lab entrance 511 | -9/Mines | Discovered new exit (range 5) 517 | -9/Mines | Entered Exiles 556 | -9/Exiles | Met 8R-AWN 583 | -9/Exiles | Met EX-HEX 633 | -9/Exiles | Met EX-BIN 652 | -9/Exiles | Aligned with FarCom system 653 | -9/Exiles | Given EX-Vault access code 692 | -9/Exiles | Opened EX-Vault 708 | -9/Exiles | Found AWS/Autocannon 745 | -9/Exiles | Found Gui. Plasma Cannon 780 | -9/Exiles | Warned to stay clear of 0b10 Research branches 833 | -9/Exiles | Met EX-DEC 949 | -9/Exiles | Discovered new exit (range 14) 974 | -9/Exiles | Left Exiles lab with Gui. Plasma Cannon 974 | -9/Exiles | Entered Mines 1016 | -8/Mines | Lost 3 parts (2n1w) 2085 | -8/Mines | Discovered new exit (range 7) 2106 | -8/Mines | Entered Materials 2106 | -8/Materials | Evolved 2 slots: Utility x2 2474 | -8/Materials | Central database locked down 2474 | -8/Materials | Central database locked down 2548 | -8/Materials | Core integrity fell below 50% 2599 | -8/Materials | Core integrity fell below 20% 2627 | -8/Materials | Lost 7 parts (3u4w) 2680 | -8/Materials | Discovered new exit (range 16) 2685 | -8/Materials | Destroyed by S-10 Pest with Light Assault Rifle Last Messages --------------- Critical hit (Burn: +37). G-47 Trooper destroyed. Y-45 Defender destroyed. ALERT: Construction progress impeded, dispatching reinforcements to local area. Slammed into U-05 Engineer. S-10 Pest destroyed. Switching to secondary target: S-10 Pest. Particle Gun destroyed. S-10 Pest destroyed. Acquired 8 matter. EXIT=FOUND Acquired Lgt. Assault Rifle. C-30 ARC bursts open, deploying its payload. H-55 Commando unfolds itself. Penetrated by Slug. Melee Analysis Suite destroyed. Lgt. Assault Rifle destroyed. Acquired 10 matter. Acquired Flight Unit. Map ----- +----------------------------------------------------+ | ?????????????????????????????????????????????????? | | ?????????????????????????????????????????????????? | | ?????????????????????????????????????????????????? | | ?????????????????????????????????????????????????? | | ?????????????????????????????????????????????????? | | ?????????????????????????????????????????????????? | | ?????????????????????????????????????????????????? | | ?????????????????????????????????????????????????? | | ???????????????????????????????????????????????? ? | | ???????????????????????????????????????????????? | | ?????????????????????< ?????????????????#####?##+ | | ???????????????????? ????????????????# # | | ???????????????????? ????????????????# =! # | | ????????????????????# ????????????????# =! " | | ????????????????????# ????????????????# # | | ????????????????????# ???????????????????????# | | ????????????????????# ???????????????????????# | | ????????????????????# #??????????????????????# | | ????????????????????# #??????????????????????# | | ????????????????????# #????????????????????##### | | ????????????????????# #?????????????????# | | ????????????????????# #?????????????????# | | ????????????????????# #?????????????????# "T" | | ????????????????????# #?????????????????# | | ????????????????????#s ########################+# | | ????????????????????# %@ tg ![%!**=% # | | ????????????????????# =######################## # | | ????????????????? #??????????????????????# # | | ????????????????##+## #??????????????????????# | | ????????????????????# w#??????????????????????#%# | | ????????????????????# #??????????????????????#!# | | ????????????????????# #??????????????????????# # | | ????????????????????# #??????????????????????#%# | | ????????????????????+ h #??????????????????????# # | | ????????????????????# ???????????????????????# # | | ????????????????????# % ???????????????????????# | | ????????????????????# ???????????????????????# | | ????????????????????# ???????????????????????# | | ????????????????????# ???????????????????????# # | | ????????????????????# ???????????????????????# # | | ?????????????????????##+???????????????????????# # | | ???????????????????????????????????????????????# # | | ???????????????????????????????????????????????# # | | ???????????????????????????????????????????????# # | | ???????????????????????????????????????????????# # | | ???????????????????????????????????????????????# # | | ???????????????????????????????????????????????# | | ???????????????????????????????????????????????### | | ????????????????????????????????????????????###### | | ????????????????????????????????????????????# | +----------------------------------------------------+ Best States ------------- Heat Dissipation 53 Energy Generation 10 Energy Capacity 250 Matter Stores 300 Matter Capacity 300 Sight Range 16 Terrain Scan Density 10 Evasion (%) 50 Targeting Accuracy 10 Melee Accuracy 10 Recoil Reduction 2 Offensive Hacking 10 Item Schematics ----------------- Hpw. Shotgun | -8/Materials | Scanalyzed Robot Schematics ------------------ None Fabricated ------------ Nothing Repaired ---------- Nothing Alien Tech Used ----------------- None Achievements -------------- None Challenges ------------ None Game ------ Seed ActiveOvertunedGravjet Manual? 0 Play Time 00:21:40 Cumulative 43.4 hours Start 2025.07.08 @ 10:31:47 End 2025.07.08 @ 10:51:27 Sessions 1 Manual Loads 0 Difficulty Rogue Special Mode None Game No. 203 Rogue 203 Adventurer 0 Explorer 0 Win Type - Total 0 Types 0/0/0/0/0/0/0/0/0/0 Lore% 32 Gallery% 25 Achievement% 22 Wizard Run 0 Options --------- Layout 2 ASCII 0 Keyboard 0 Movement Mouse Keybinds 0 Fullscreen 1 Font 24/Smallcaps Map View 50x44 Zoom Use 0% Tactical HUD 0 Map Filters NONE Filters NONE Steam 1 RUN: c2ee54b9-4a6c-4718-9444-54bdc3d3c60b